 Dungeon Crawl Stone Soup version 0.28-a0-1130-gc51a68064b (webtiles) character file.

Game seed: 15209122081769329488

19 SensoryNuts the Skirmisher (level 2, -2/26 HPs)
             Began as a Draconian Fighter on Dec 12, 2021.
             Slain by a kobold (3 damage)
             ... on level 1 of the Dungeon.
             The game lasted 00:00:24 (283 turns).

SensoryNuts the Skirmisher (Draconian Fighter)       Turns: 283, Time: 00:00:24

Health: -2/26      AC:  4    Str: 18    XL:     2   Next: 55%
Magic:  2/2        EV: 12    Int:  8    God:
Gold:   11         SH:  4    Dex: 10    Spells: 1/1 levels left

rFire   . . .      SeeInvis .   a - +0 long sword
rCold   . . .      Faith    .   b - +0 buckler
rNeg    . . .      Spirit   .   (armour unavailable)
rPois   .          Reflect  .   (helmet restricted)
rElec   .          Harm     .   (no cloak)
rCorr   .          Rampage  .   (no gloves)
Will    .....                   (no boots)
Stlth   +.........              (no amulet)
HPRegen 0.08/turn               (no ring)
MPRegen 0.08/turn               (no ring)

@: no status effects
A: AC +4, unfitting armour, cold-blooded
a: no special abilities


You were on level 1 of the Dungeon.
You visited 1 branch of the dungeon, and saw 1 of its levels.

You collected 11 gold pieces.

Inventory:

Hand Weapons
 a - a +0 long sword (weapon)
Armour
 b - a +0 buckler (worn)
Scrolls
 f - a scroll of enchant armour {unknown}
Potions
 c - a potion of might
 d - a potion of brilliance {unknown}
 e - a potion of degeneration {unknown}


   Skills:
 + Level 3.6 Fighting
 + Level 2.2 Long Blades
 + Level 2.9 Dodging
 + Level 3.2 Shields


You had one spell level left.
You didn't know any spells.
Your spell library was empty.

Dungeon Overview and Level Annotations

Branches:
Dungeon (1/15)

Altars:


Innate Abilities, Weirdness & Mutations

Your plain brown scales are hard. (AC +4)
You cannot fit into any form of body armour.
You are cold-blooded and may be slowed by cold attacks.


Message History

The kobold is moderately wounded.
The kobold throws a stone.
The stone hits you but does no damage. You block the kobold's attack.
The ball python bites you. The ball python closely misses you.
The hobgoblin closely misses you.
The kobold throws a stone.
The stone hits you but does no damage. You block the kobold's attack.
You closely miss the kobold.
The kobold is moderately wounded.
The ball python bites you. The ball python closely misses you.
The hobgoblin closely misses you.
The kobold throws a stone.
The stone hits you. The kobold hits you but does no damage.
The ball python bites you but does no damage.
The ball python grabs you. The ball python constricts you.
You closely miss the kobold.
Your tail-slap misses the kobold.
The kobold is moderately wounded.
The hobgoblin hits you.
The ball python bites you but does no damage.
The ball python constricts you. The kobold closely misses you.
The hobgoblin hits you. The ball python closely misses you.
The ball python constricts you.
You closely miss the kobold.
The kobold is moderately wounded.
The kobold barely misses you. The ball python barely misses you.
The ball python constricts you. The hobgoblin hits you.
The kobold hits you with a +0 short sword.
* * * LOW HITPOINT WARNING * * *
The kobold hits you but does no damage.
You slash the kobold!
You kill the kobold!
The ball python barely misses you. The ball python constricts you.
The hobgoblin hits you.
* * * LOW HITPOINT WARNING * * *
The kobold hits you with a +0 short sword.
* * * LOW HITPOINT WARNING * * *
The ball python bites you but does no damage.
The ball python constricts you.
You escape the ball python's grasp.
The hobgoblin hits you.
* * * LOW HITPOINT WARNING * * *
The kobold hits you with a +0 short sword.
You die...

#..#.#######
#..##
##....#....# #.##
##.#.#....######
#....
#..............
..# .
###.#....#####
### #............
..####..S........
........g........
.......@K........
..###..#..?......
# #............
.. #.##.........
.. #. .........
## .. ....... #
#.# ....... # ..
##...## # ##


You could see a hobgoblin, a ball python and a kobold.

Vanquished Creatures
  3 giant cockroaches (D:1)
  3 goblins (D:1)
  A hobgoblin (D:1)
  2 jackals (D:1)
  2 quokkas (D:1)
  A frilled lizard (D:1)
  4 kobolds (D:1)
  A rat (D:1)
17 creatures vanquished.

Notes
Turn   | Place    | Note
-------+----------+-------------------------------------------
     0 | D:1      | SensoryNuts the Draconian Fighter began the quest for the
                  | Orb.
     0 | D:1      | Reached XP level 1. HP: 19/19 MP: 1/1
   165 | D:1      | Reached XP level 2. HP: 24/26 MP: 2/2
   283 | D:1      | HP: 1/26 [hobgoblin (3)]
   283 | D:1      | Slain by a kobold

Illustrated notes

Levels and vault maps discovered:
D:1:      mrwooster_arrival_statue, layout_rooms

Action                   || total
-------------------------++-------
Melee: Long sword        ||    32
       Tailslap          ||     3
Armor: Skin              ||    13
Dodge: Dodged            ||    29
Block: Buckler           ||     5

Table legend: (Time is in decaauts)
 A = Elapsed time spent in this place.
 B = Non-inter-level travel time spent in this place.
 C = Inter-level travel time spent in this place.
 D = Time resting spent in this place.
 E = Time spent auto-exploring this place.
 F = Levels seen in this place.
 G = Mean time per level.
                   A        B        C        D        E       F      G
               +--------+--------+--------+--------+--------+-----+--------+
         Total |    293 |    293 |      0 |      0 |    192 |   1 |  293.0 |
       Dungeon |    293 |    293 |      0 |      0 |    192 |   1 |  293.0 |
               +--------+--------+--------+--------+--------+-----+--------+

Top non-repeatable levels by time:
     D:1: 293 daAuts
